 Dungeon Crawl Stone Soup version 0.24-a0-715-g0b739ee41d (webtiles) character file.

Game seed: 2125782765468380752, levelgen mode: deterministic

553 Arixos the Sneak (level 7, -13/40 HPs)
             Began as a Vampire Enchanter on Sept 30, 2019.
             Mangled by an orc warrior
             ... wielding a +0 scimitar
              (17 damage)
             ... on level 5 of the Dungeon.
             The game lasted 00:39:35 (4418 turns).

Arixos the Sneak (Vampire Enchanter)                Turns: 4418, Time: 00:39:36

Health: -13/40     AC:  3    Str:  7    XL:     7   Next: 8%
Magic:  2/12       EV: 13    Int: 18    God:
Gold:   136        SH:  0    Dex: 16    Spells: 7/12 levels left

rFire    . . .     SeeInvis +   a - +2 dagger
rCold    + + .     Gourm    .   (no shield)
rNeg     + + +     Faith    .   g - +0 leather armour
rPois    ∞         Spirit   .   (no helmet)
rElec    .         Reflect  .   (no cloak)
rCorr    +         Harm     .   (no gloves)
MR       .....                  (no boots)
Stlth    +++++.....             (no amulet)
HPRegen  0.00/turn              k - ring of resist corrosion
MPRegen  0.13/turn              (no ring)

@: about to teleport, bloodless, regenerating quickly
A: no food, fangs 3, see invisible, unbreathing
a: Bat Form, Revivify


You were on level 5 of the Dungeon.
You were bloodless.

You visited 1 branch of the dungeon, and saw 5 of its levels.

You collected 211 gold pieces.
You spent 75 gold pieces at shops.

Inventory:

Hand Weapons
 a - a +2 dagger (weapon)
Armour
 b - a +0 robe
 g - a +0 leather armour (worn)
 u - a +2 ring mail of cold resistance
Jewellery
 k - a ring of resist corrosion (left hand)
 s - a cursed ring of attention {unknown}
Wands
 n - a wand of enslavement (2)
Scrolls
 m - 2 scrolls of magic mapping
 q - 5 scrolls of identify
Potions
 c - 2 potions of degeneration {unknown}
 d - 2 potions of agility {unknown}
 e - a potion of might {unknown}
 f - a potion of flight {unknown}
 h - a potion of resistance {unknown}
 i - a potion of heal wounds {unknown}
 j - a potion of lignification {unknown}
 l - a potion of curing {unknown}
 o - a potion of magic {unknown}
 p - a potion of ambrosia {unknown}
 r - a potion of haste {unknown}


   Skills:
 + Level 2.4 Fighting
 + Level 3.3 Short Blades
 + Level 4.0 Dodging
 + Level 6.4 Stealth
 + Level 3.4 Spellcasting
 + Level 6.2 Hexes


You had 7 spell levels left.
You knew the following spells:

 Your Spells              Type           Power        Failure   Level  Hunger
a - Ensorcelled Hibernat  Hex/Ice        ##....       10%         2    N/A
d - Tukima's Dance        Hex            ####....     5%          3    N/A

Your spell library contained the following spells:

 Spells                   Type           Power        Failure   Level  Hunger
 Confusing Touch          Hex            ####..       1%          1    N/A
 Corona                   Hex            ####...      1%          1    N/A
 Confuse                  Hex            ####....     5%          3    N/A
 Dazzling Spray           Conj/Hex       ##....       21%         3    N/A
 Gell's Gravitas          Tloc           #.........   56%         3    N/A
 Metabolic Englaciation   Hex/Ice        ##........   88%         5    N/A
 Yara's Violent Unravell  Hex/Tmut       ##........   88%         5    N/A
 Petrify                  Tmut/Erth      #.......     93%         4    N/A

Dungeon Overview and Level Annotations

Branches:
Dungeon (5/15)             Temple (0/1) D:5

Altars:
The Shining One

Shops:
D:4 *


Innate Abilities, Weirdness & Mutations

You do not eat.
You do not regenerate when monsters are visible.
You are frail without blood (-20% HP).
You are immune to poison.
You have razor-sharp teeth.
You have supernaturally acute eyesight. (SInv)
You can survive without breathing.


Message History

Aim: an orc warrior, wielding a +0 scimitar and wearing a +0 chain mail (almost dead, not susceptible)
The orc warrior is unaffected.
A bullfrog skeleton comes into view.
The orc warrior hits you with a +0 scimitar!
* * * LOW HITPOINT WARNING * * *
The orc closely misses you.
Casting: Ensorcelled Hibernation (safe; 10% risk of failure)
Confirm with . or Enter, or press ? or * to list all spells.
Aiming: Ensorcelled Hibernation (safe; 10% risk of failure)
Press: ? - help, Shift-Dir - straight line, f/p - orc warrior
Aim: an orc warrior, wielding a +0 scimitar and wearing a +0 chain mail (almost dead, not susceptible)
The orc warrior is unaffected.
As you read the scroll of teleportation, it crumbles to dust.
You feel strangely unstable. The orc warrior closely misses you.
The orc closely misses you. The bullfrog skeleton hits you.
* * * LOW HITPOINT WARNING * * *
You hit the orc warrior but do no damage.
The orc warrior is almost dead.
The orc warrior hits you with a +0 scimitar!
You die...

.#o##.#......# #.#
......#....>.### #.#
#.##....#......####.# ##
#....##.#..###.#..... ..
...........###.#.# .# .#
##.##.......##.#.#
.#..#.#
#..........##.#.##......#
#........#....oo).)#..#
.............#@Z.....#
#..#......h#######.#.....
#.#.#...# .# ####
#.#.....# .. ###..## .#.
... .#.# .... .# #


You could see an orc warrior, an orc and a bullfrog skeleton.

Vanquished Creatures
  A sky beast (D:5)
  A centaur (D:5)
  A bullfrog zombie (D:5)
  A hound (D:5)
  3 orc wizards
  A centaur skeleton (D:4)
  An iguana (D:4)
  2 worker ants (D:4)
  3 adders
  2 oozes (D:1)
  3 worms
  3 dart slugs
  2 leopard geckos
  12 orcs
  8 giant cockroaches
  10 goblins
  5 hobgoblins
  7 kobolds
  2 quokkas
  A ball python (D:2)
  5 bats
  A frilled lizard (D:1)
  A jackal skeleton (D:5)
  7 rats
83 creatures vanquished.

Notes
Turn   | Place    | Note
-------+----------+-------------------------------------------
     0 | D:1      | Arixos the Vampire Enchanter began the quest for the Orb.
     0 | D:1      | Reached XP level 1. HP: 13/13 MP: 3/3
   160 | D:1      | Reached XP level 2. HP: 10/16 MP: 3/5
   365 | D:1      | Learned a level 2 spell: Ensorcelled Hibernation
   660 | D:1      | Reached XP level 3. HP: 8/20 MP: 1/6
  1270 | D:2      | Reached skill level 1 in Fighting
  2149 | D:3      | Reached skill level 5 in Stealth
  2426 | D:3      | Reached XP level 4. HP: 25/25 MP: 2/7
  2723 | D:3      | Reached skill level 5 in Hexes
  2857 | D:3      | Found a glowing golden altar of the Shining One.
  3278 | D:4      | Reached XP level 5. HP: 29/29 MP: 5/9
  3528 | D:4      | Found Ysyaggo's General Store.
  3534 | D:4      | Learned a level 3 spell: Tukima's Dance
  3567 | D:4      | Bought a scroll of enchant weapon for 75 gold pieces
  4217 | D:5      | Entered Level 5 of the Dungeon
  4217 | D:5      | Noticed a centaur
  4218 | D:5      | Killed a centaur
  4218 | D:5      | Reached XP level 6. HP: 35/35 MP: 10/10
  4266 | D:5      | Noticed a sky beast
  4273 | D:5      | Killed a sky beast
  4322 | D:5      | Found a staircase to the Ecumenical Temple.
  4391 | D:5      | Reached XP level 7. HP: 40/40 MP: 8/12
  4418 | D:5      | Mangled by an orc warrior

Levels and vault maps discovered:
D:1:      evilmike_arrival_run_for_it, layout_rooms
D:2:      layout_loops_corners, nrook_campfire
D:3:      layout_rooms, first_ration, nicolae_tso_swordbearing_angel
D:4:      layout_cave_pods, serial_shops, nicolae_shop_stone
D:5:      layout_loops_cross, minmay_temple_entry_ruins

Skill      XL: |  1  2  3  4  5  6  7 |
---------------+----------------------+-----
Fighting       | 1 2 |  2.4
Stealth        | 5 6 |  6.4
Hexes          | 5 6 |  6.2
Short Blades   | 2 3 |  3.3
Dodging        | 3 4 |  4.0
Spellcasting   | 3 |  3.4

Action                   |  1- 3 |  4- 6 |  7- 9 || total
-------------------------+-------+-------+-------++-------
Melee: Dagger            |    86 |    60 |    11 ||   157
       Bite              |     4 |     6 |       ||    10
 Cast: Corona            |     6 |       |       ||     6
       Ensorcelled Hiber |    26 |    23 |     5 ||    54
 Abil: Exsanguinate      |     1 |       |       ||     1
  Use: Scroll            |     6 |     2 |     1 ||     9
 Stab: Sleeping          |    34 |    31 |     2 ||    67
       Distracted        |       |     1 |       ||     1
Armor: Leather armour    |    15 |     3 |     2 ||    20
Dodge: Dodged            |    40 |    23 |    10 ||    73

Table legend:
 A = Non-vault XP
 B = Vault XP
 C = Vault XP percentage of total XP
 D = Non-vault monster count
 E = Vault monster count
 F = Vault count percentage of total count
                 A         B        C        D         E       F
            +---------+---------+-------+---------+---------+-------
      Total |     786 |       5 |   0.6 |      82 |       1 |   1.2
            +---------+---------+-------+---------+---------+-------
        D:1 |      47 |       5 |   9.6 |      20 |       1 |   4.8
        D:2 |      27 |       0 |   0.0 |      14 |       0 |   0.0
        D:3 |      61 |       0 |   0.0 |      20 |       0 |   0.0
        D:4 |     222 |       0 |   0.0 |      15 |       0 |   0.0
        D:5 |     429 |       0 |   0.0 |      13 |       0 |   0.0
            +---------+---------+-------+---------+---------+-------
